 Dungeon Crawl Stone Soup version 0.31-a0-112-gdf0485fa37 (webtiles) character file.

Game seed: 11751202869758919334

1138 NateTC the Magician (level 8, -9/50 HPs)
             Began as a Djinni Conjurer on May 28, 2023.
             Was a Follower of Ru.
             Shot with an arrow by a centaur (14 damage)
             ... on level 6 of the Dungeon.
             The game lasted 00:07:00 (5219 turns).

NateTC the Magician (Djinni Conjurer)               Turns: 5219, Time: 00:07:01

Health: -9/50      AC:  4    Str:  6    XL:     8   Next: 63%
Gold:   318        EV: 12    Int: 22    God:    Ru [*.....] SH:  0 Dex: 18

rFire   + . .        (no weapon)
rCold   . . .        (no shield)
rNeg    . . .        a - +1 robe
rPois   ∞            (no helmet)
rElec   .            f - +0 cloak
rCorr   .            (no gloves)
SInv    .            (boots unavailable)
Will    .....        (no amulet)
Stlth   ++           n - +6 ring of dexterity
HPRegen 0.28/turn    l - ring of ice
MPRegen 0.00/turn

%: infuse magic (-10 HP)
@: flying
A: sickness immunity, fire resistance 2, cold vulnerability 1, inability to
train armour, float, innate caster, HP casting, extra vitality 1
a: Renounce Religion


You were on level 6 of the Dungeon.
You worshipped Ru.
Ru was aware of your devotion.
You visited 2 branches of the dungeon, and saw 7 of its levels.

You collected 318 gold pieces.

Inventory:

Armour
 a - a +1 robe (worn)
 e - a +0 kite shield
 f - a +0 cloak (worn)
Jewellery
 l - a ring of ice (right hand)
 n - a +6 ring of dexterity (left hand)
 q - a ring of see invisible
Wands
 p - a wand of digging (7)
Scrolls
 d - 3 scrolls of brand weapon
 k - a scroll of vulnerability
Potions
 b - a potion of magic {unknown}
 c - a potion of degeneration
 g - 2 potions of mutation
 h - 2 potions of heal wounds
 i - 2 potions of might {unknown}
 m - a potion of lignification {unknown}
 o - a potion of berserk rage {unknown}
 r - a potion of cancellation {unknown}


   Skills:
 - Level 2.1 Dodging
 - Level 1.5 Stealth
 + Level 2.1 Shields
 + Level 7.8 Spellcasting
 + Level 7.8 Conjurations
 + Level 7.8 Hexes
 + Level 7.8 Summonings
 + Level 7.8 Necromancy
 + Level 7.8 Translocations
 + Level 7.8 Transmutations
 + Level 7.8 Fire Magic
 + Level 7.8 Ice Magic
 + Level 7.8 Air Magic
 + Level 7.8 Earth Magic
 + Level 7.8 Poison Magic


You knew the following spells:

 Your Spells              Type           Power      Damage    Failure   Level
a - Magic Dart            Conj           100%       1d8       1%          1
b - Searing Ray           Conj           86%        2d7       1%          2
c - Dazzling Flash        Conj/Hex       86%        N/A       1%          3
d - Fulminant Prism       Conj/Hex       21%        3d12      3%          4
e - Iskenderun's Mystic   Conj/Tloc      43%        2d10      3%          4
f - Necrotise             Necr           100%       1d9       1%          1
g - Static Discharge      Conj/Air       86%        2-6/arc   1%          2
h - Passwall              Tmut/Erth      35%        N/A       1%          2
Your spell library was empty.

Dungeon Overview and Level Annotations

Branches:
Dungeon (6/15) Zot: 26757  Temple (1/1) D:4 Zot: 5826

Altars:
Cheibriados
Elyvilon
Fedhas
Hepliaklqana
Makhleb
Nemelex Xobeh
Okawaru
Qazlal
Ru
Trog
Uskayaw
Wu Jian
Yredelemnul
Zin

Shops:
D:1 *

Annotations:
D:4 1 runed translucent door, Crazy Yiuf
D:6 Sigmund


Innate Abilities, Weirdness & Mutations

You are immune to sickness and miasma.
You are immune to poison.
Your flesh is very heat resistant. (rF++)
You are vulnerable to cold. (rC-)
You cannot train Armour skill.
You float through the air rather than walking.
You learn spells naturally, not from books.
Your magical power is your life essence.
You have superior vitality. (+4 MHP)


Message History

You can't see any susceptible monsters within range! (Use Z to cast anyway.)
Found 12 gold pieces.
Found a radiant altar of Vehumet.
The gnoll shouts!
The magic dart hits the gnoll.
The gnoll is severely wounded.
The magic dart hits the gnoll.
You kill the gnoll!
You can't see any susceptible monsters within range! (Use Z to cast anyway.)
You can't see any susceptible monsters within range! (Use Z to cast anyway.)
Found an iron altar of Okawaru.
A centaur comes into view.
You see here 12 gold pieces.
The magic dart hits the centaur but does no damage.
The centaur wields a +0 orcbow.
The centaur shoots an arrow.
The arrow hits you.
The magic dart hits the centaur.
The centaur is lightly wounded.
The centaur shoots an arrow.
The arrow hits you!
The magic dart hits the centaur.
The centaur is lightly wounded.
The centaur shoots an arrow.
The arrow hits you!
The centaur shoots an arrow.
The arrow misses you.
You are too injured to fight recklessly!
You are too injured to fight recklessly!
You are too injured to fight recklessly!
Casting: Magic Dart (safe; 1% risk of failure)
Confirm with . or Enter, or press ? or * to list all spells.
Aiming: Fulminant Prism (dangerous; 3% risk of failure)
Press: ? - help, Dir - move target, p - centaur You conjure a prism of explosive energy!
* * * LOW HITPOINT WARNING * * *
A fulminant prism comes into view.
The centaur shoots an arrow.
The arrow hits your fulminant prism!
The centaur unwields a +0 orcbow.
The centaur hits your fulminant prism.
Your fulminant prism detonates feebly.
The centaur wields a +0 orcbow.
The centaur shoots an arrow.
The arrow hits you!
* * * LOW HITPOINT WARNING * * *
The centaur shoots an arrow.
The arrow hits you!
You die...

#.###......#....≈.......≈.#
#.........####..≈.≈≈≈≈≈.≈.#
###.............≈.≈_..≈.≈.##
..#.....#.####..≈.≈≈≈.≈c≈...
#.#.....#.# ##..≈))...≈.....
#.#.....#.# #...≈≈≈≈≈≈≈≈≈...
#.#.....#.###.....≈.....≈...
#.#.....#.......≈.≈$≈≈≈.≈...
.†.)....#.......@.≈.._≈.≈...
.............#..≈.≈≈≈≈≈.≈...
.............#..≈.......≈.##
.............##.≈≈≈≈≈≈≈≈≈.#
###..........##...........#
#....##.#############..##
#######.# #.. #< ##


You could see a centaur.

Vanquished Creatures
  Grinder (D:3)
  Eustachio (D:6)
  2 water moccasins (D:5)
  A scorpion (D:5)
  3 hounds
  2 jellies (D:5)
  An orc priest (D:4)
  3 iguanas
  A sleepcap (D:5)
  3 gnolls (D:6)
  9 adders
  A white imp (D:5)
  2 ufetubi
  A worm (D:2)
  2 dart slugs
  5 orcs
  4 endoplasms
  8 giant cockroaches
  2 goblins
  6 hobgoblins
  7 jackals
  4 quokkas
  6 ball pythons
  3 bats
  3 frilled lizards
  6 kobolds
  5 rats
92 creatures vanquished.

Vanquished Creatures (others)
  7 fulminant prisms
7 creatures vanquished.

Grand Total: 99 creatures vanquished

Notes
Turn   | Place    | Note
-------+----------+-------------------------------------------
     0 | D:1      | NateTC the Djinni Conjurer began the quest for the Orb.
     0 | D:1      | NateTC set off with the following spells memorised: Magic
                  | Dart, Searing Ray, Dazzling Flash, Fulminant Prism,
                  | Iskenderun's Mystic Blast.
     0 | D:1      | Reached XP level 1. HP: 15/15 MP: 0/0
    23 | D:1      | Found Difurch's General Store.
   125 | D:1      | Reached XP level 2. HP: 18/21 MP: 0/0
   785 | D:2      | Reached XP level 3. HP: 23/25 MP: 0/0
   785 | D:2      | Learned a level 1 spell: Necrotise
  1236 | D:2      | Reached XP level 4. HP: 24/31 MP: 0/0
  1759 | D:3      | Noticed Grinder
  1777 | D:3      | Killed Grinder
  1778 | D:3      | Reached skill level 5 in Spellcasting
  1778 | D:3      | Reached skill level 5 in Conjurations
  1778 | D:3      | Reached skill level 5 in Hexes
  1778 | D:3      | Reached skill level 5 in Summonings
  1778 | D:3      | Reached skill level 5 in Necromancy
  1778 | D:3      | Reached skill level 5 in Translocations
  1778 | D:3      | Reached skill level 5 in Transmutations
  1778 | D:3      | Reached skill level 5 in Fire Magic
  1778 | D:3      | Reached skill level 5 in Ice Magic
  1778 | D:3      | Reached skill level 5 in Air Magic
  1778 | D:3      | Reached skill level 5 in Earth Magic
  1778 | D:3      | Reached skill level 5 in Poison Magic
  1778 | D:3      | Reached XP level 5. HP: 5/35 MP: 0/0
  1778 | D:3      | Learned a level 2 spell: Static Discharge
  1778 | D:3      | Reached XP level 6. HP: 6/40 MP: 0/0
  2980 | D:4      | Found a staircase to the Ecumenical Temple.
  2998 | Temple   | Entered the Ecumenical Temple
  3156 | Temple   | Became a worshipper of Ru the Awakened
  3293 | D:4      | Reached XP level 7. HP: 43/45 MP: 0/0
  3293 | D:4      | Learned a level 2 spell: Passwall
  3373 | D:4      | Found a glowing silver altar of Zin.
  3419 | D:4      | Found a runed translucent door.
  3420 | D:4      | Noticed Crazy Yiuf
  3833 | D:5      | Entered Level 5 of the Dungeon
  4243 | D:5      | Noticed a water moccasin
  4247 | D:5      | Killed a water moccasin
  4248 | D:5      | Reached XP level 8. HP: 24/50 MP: 0/0
  4900 | D:5      | Found a snail-covered altar of Cheibriados.
  5048 | D:6      | Noticed Eustachio
  5057 | D:6      | Killed Eustachio
  5058 | D:6      | Reached skill level 1 in Shields
  5079 | D:6      | Gained mutation: You cannot train Armour skill. [Ru
                  | sacrifice]
  5079 | D:6      | Reached * piety under Ru
  5114 | D:6      | Noticed Sigmund
  5205 | D:6      | Found an iron altar of Okawaru.
  5219 | D:6      | Shot with an arrow by a centaur

Illustrated notes

Levels and vault maps discovered:
D:1:      mrwooster_arrival_statue_3, layout_loops_ring, serial_shops, shop
D:2:      layout_loops_corners
D:3:      minmay_razor_zed, layout_basic, uniq_grinder
D:4:      layout_loops_ring, zin_treasury, minmay_temple_entry_glass,
          uniq_crazy_yiuf_cottage
D:5:      layout_gridville, lemuel_coloured_pillars_altar,
          kennysheep_generic_room_13
D:6:      cheibrodos_fzero, layout_basic, kennysheep_mini_moat,
          mainiacjoe_overflow_catwalk_spiral, enter_ossuary_1, serial_rivers,
          chequers_serial_rivers_small_3, chequers_serial_rivers_micro_a,
          chequers_serial_rivers_small_a, chequers_serial_rivers_marsh,
          chequers_serial_rivers_marsh, chequers_serial_rivers_micro_a,
          uniq_sigmund, uniq_maggie, uniq_eustachio, uniq_prince_ribbit1
Temple:   hellmonk_temple_forest_ring

Skill      XL: |  1  2  3  4  5  6  7  8 |
---------------+-------------------------+-----
Spellcasting   | 4 5 6 7 |  7.8
Conjurations   | 4 5 6 7 |  7.8
Hexes          | 4 5 6 7 |  7.8
Summonings     | 4 5 6 7 |  7.8
Necromancy     | 4 5 6 7 |  7.8
Translocations | 4 5 6 7 |  7.8
Transmutations | 4 5 6 7 |  7.8
Fire Magic     | 4 5 6 7 |  7.8
Ice Magic      | 4 5 6 7 |  7.8
Air Magic      | 4 5 6 7 |  7.8
Earth Magic    | 4 5 6 7 |  7.8
Poison Magic   | 4 5 6 7 |  7.8
Shields        | 2 |  2.1
Dodging        | |  2.1
Stealth        | |  1.5

Action                     |  1- 3 |  4- 6 |  7- 9 || total
---------------------------+-------+-------+-------++-------
   Cast: Magic Dart        |    66 |    78 |    71 ||   215
         Searing Ray       |       |     1 |     1 ||     2
         Static Discharge  |       |     1 |     4 ||     5
         Iskenderun's Myst |       |       |    13 ||    13
         Fulminant Prism   |       |       |     7 ||     7
 Invoke: Sacrifice Durabil |       |       |     1 ||     1
    Use: Scroll            |       |    10 |     1 ||    11
 Armour: Robe              |     2 |     2 |     3 ||     7
  Dodge: Dodged            |     5 |     4 |    30 ||    39

Table legend: (Time is in decaauts)
 A = Elapsed time spent in this place.
 B = Non-inter-level travel time spent in this place.
 C = Inter-level travel time spent in this place.
 D = Time resting spent in this place.
 E = Time spent auto-exploring this place.
 F = Levels seen in this place.
 G = Mean time per level.
                   A        B        C        D        E       F      G
               +--------+--------+--------+--------+--------+-----+--------+
         Total |   5219 |   4837 |    382 |    454 |   3665 |   7 |  745.6 |
       Dungeon |   5045 |   4678 |    367 |    454 |   3529 |   6 |  840.8 |
        Temple |    173 |    158 |     15 |      0 |    136 |   1 |  173.0 |
               +--------+--------+--------+--------+--------+-----+--------+

Top non-repeatable levels by time:
     D:5: 1143 daAuts
     D:3: 995 daAuts
     D:2: 990 daAuts
     D:1: 854 daAuts
     D:4: 819 daAuts
     D:6: 241 daAuts
  Temple: 173 daAuts
